 Dungeon Crawl Stone Soup version 0.31-a0-277-g31ea1f65cc (webtiles) character file.

Game seed: 333740990406877689

2396 LustLizard the Ruffian (level 9, -3/61 HPs)
             Began as an Octopode Shapeshifter on July 15, 2023.
             Was a Believer of Uskayaw.
             Slain by a wyvern (15 damage)
             ... on level 7 of the Dungeon.
             The game lasted 00:13:22 (5611 turns).

LustLizard the Ruffian (Octopode Shapeshifter)      Turns: 5611, Time: 00:13:23

Health: -3/61      AC:  5    Str: 16    XL:     9   Next: 46%
Magic:  12/12      EV: 18    Int: 12    God:    Uskayaw [**....]
Gold:   548        SH:  0    Dex: 13    Spells: 6/8 levels left

rFire   . .          .
                       - Unarmed
rCold   + . .        (no shield)
rNeg    . . .        (helmet currently unavailable)
rPois   .            (no amulet)
rElec   .            e - +4 ring of protection
rCorr   .            C - +5 ring of evasion
SInv    .            w - ring of protection from cold
Will    .....        (no ring)
Stlth   ++           (no ring)
HPRegen 0.30/turn    (no ring)
MPRegen 0.13/turn    (no ring)
                     (no ring)

%: no passive effects
@: beast-form, studying Long Blades
A: beast (slay +3), almost no armour, amphibious, 8 rings, camouflage 1,
gelatinous body 1, (nimble swimmer 1), tentacles
a: Begin Untransformation, Renounce Religion, Stomp, Line Pass


You were on level 7 of the Dungeon.
You worshipped Uskayaw.
Uskayaw was noncommittal.
You were a hulking beast.
You visited 2 branches of the dungeon, and saw 8 of its levels.
You also visited: Sewer and Ossuary.

You collected 548 gold pieces.

Inventory:

Missiles
 i - 13 poisoned darts
 o - a throwing net
Jewellery
 e - a +4 ring of protection (left tentacle)
 w - a ring of protection from cold (on tentacle)
 C - a +5 ring of evasion (right tentacle)
Talismans
 b - a beast talisman
 y - a serpent talisman
 D - a blade talisman
Wands
 v - a wand of light (6)
 A - a wand of polymorph (13)
Scrolls
 c - 2 scrolls of poison
 d - 2 scrolls of revelation {unknown}
 f - 4 scrolls of fear {unknown}
 g - 4 scrolls of torment
 j - 7 scrolls of teleportation
 l - a scroll of vulnerability
 m - 2 scrolls of enchant armour {unknown}
 q - a scroll of enchant weapon {unknown}
 s - a scroll of noise {unknown}
 x - a scroll of immolation
 B - a scroll of blinking {unknown}
Potions
 a - a potion of lignification
 h - 3 potions of enlightenment
 k - 3 potions of might
 n - 2 potions of invisibility
 p - 2 potions of curing
 r - 2 potions of heal wounds
 t - a potion of degeneration {unknown}
 u - a potion of resistance {unknown}
 z - a potion of berserk rage {unknown}


   Skills:
 + Level 5.4 Fighting
 - Level 2.0 Dodging
 * Level 7.7 Unarmed Combat
 - Level 4.1 Translocations
 + Level 4.6 Invocations
 * Level 5.6 Shapeshifting


You had 6 spell levels left.
You knew the following spells:

 Your Spells              Type           Power      Damage    Failure   Level
a - Blink                 Tloc           18%        N/A       10%         2

Your spell library contained the following spells:

 Spells                   Type           Power      Damage    Failure   Level
 Apportation              Tloc           18%        N/A       6%          1
 Lesser Beckoning         Tloc           18%        N/A       10%         2
 Momentum Strike          Conj/Tloc      8%         3d8       22%         2
 Necrotise                Necr           0%         1d4       32%         1
 Summon Small Mammal      Summ           0%         N/A       32%         1
 Inner Flame              Hex/Fire       0%         N/A       69%         3
 Flame Wave               Conj/Fire      0%         2d4       97%         4
 Sticky Flame             Conj/Fire      0%         2d3       97%         4


Dungeon Overview and Level Annotations

Branches:
Dungeon (7/15)             Temple (1/1) D:4           Sewer (visited)
Ossuary (visited)

Altars:
Cheibriados
Dithmenos
Elyvilon
Fedhas
Hepliaklqana
Makhleb
Nemelex Xobeh
Qazlal
Ru
Sif Muna
Uskayaw
Wu Jian
Xom
Yredelemnul
Zin
The Shining One

Shops:
D:2 [


Innate Abilities, Weirdness & Mutations

You are a hulking beast.
Your limbs bulge with bestial killing power. (Slay +3)
You cannot wear most types of armour.
You are amphibious.
You can wear up to eight rings at the same time.
Your skin changes colour to match your surroundings (Stealth+).
Your rubbery body absorbs attacks. (AC +1, EV +1)
((You are camouflaged when in or above water. (Stealth+)))
You have tentacles for arms and can constrict up to eight enemies at once.


Message History

Found 11 gold pieces.
A wyvern comes into view.
The wyvern hisses angrily.
The wyvern bites you. x2
You tentacle-slap the wyvern.
The wyvern is lightly wounded.
The wyvern misses you.
You closely miss the wyvern.
The wyvern is lightly wounded.
The wyvern bites you but does no damage.
The wyvern misses you.
You closely miss the wyvern.
The wyvern is lightly wounded.
The wyvern misses you.
You closely miss the wyvern. Your squeeze misses the wyvern.
The wyvern is lightly wounded.
The wyvern closely misses you.
You completely miss the wyvern. You tentacle-slap the wyvern.
Your squeeze misses the wyvern.
The wyvern is moderately wounded.
The wyvern barely misses you. The wyvern bites you!
You barely miss the wyvern.
The wyvern is moderately wounded.
The wyvern bites you!
You tentacle-slap the wyvern.
The wyvern is moderately wounded.
The wyvern closely misses you.
You bludgeon the wyvern! You squeeze the wyvern.
The wyvern is almost dead.
The wyvern barely misses you.
You can now pass through a line of other dancers.
You completely miss the wyvern.
The wyvern is almost dead.
The wyvern bites you!
* * * LOW HITPOINT WARNING * * *
The wyvern completely misses you.
You tentacle-slap the wyvern.
The wyvern is almost dead.
The wyvern bites you!
You die...

###############
..............#
#####.......#.# #
.$..#....#....#.#
.............>#.####
###)#..............#
#.#..#...........# #
#..............# #
#...hl.........#
#.#..............#
##.#...........####
...............#
##.#.#..###..#.#
.........##..#)..
.#.......##..#####
## #.........<....
..
#.#.........#######.


You could see a wyvern.

Vanquished Creatures
  Grinder (D:4)
  A wyvern (D:5)
  Pargi (Sewer)
  2 orc warriors (D:6)
  A black bear (D:5)
  An ogre (D:5)
  A phantom (D:6)
  A bullfrog (D:5)
  2 scorpions
  3 wights (D:6)
  3 howler monkeys (D:5)
  6 hounds
  4 orc priests
  5 iguanas
  A sleepcap (D:6)
  Natasha (thrice) (D:3)
  7 orc wizards
  3 mummies (Ossuary)
  Robin (D:3)
  3 gnolls (D:5)
  8 adders
  2 white imps (D:7)
  3 ufetubi
  An adder zombie (Ossuary)
  6 dart slugs
  2 worms
  32 orcs
  2 bats
  7 endoplasms
  4 giant cockroaches
  8 goblins
  10 hobgoblins
  6 jackals
  8 kobolds
  3 quokkas (D:1)
  11 ball pythons
  3 frilled lizards
  5 hobgoblin zombies (Ossuary)
  5 kobold zombies (Ossuary)
  A quokka zombie (Ossuary)
  4 rats
  6 rat zombies (Ossuary)
187 creatures vanquished.

Notes
Turn   | Place    | Note
-------+----------+-------------------------------------------
     0 | D:1      | LustLizard the Octopode Shapeshifter began the quest for
                  | the Orb.
     0 | D:1      | Reached XP level 1. HP: 14/14 MP: 1/1
   125 | D:1      | Reached XP level 2. HP: 19/19 MP: 2/2
   454 | D:1      | Reached XP level 3. HP: 25/25 MP: 3/3
   481 | D:1      | Learned a level 2 spell: Blink
   876 | D:2      | Reached skill level 3 in Unarmed Combat
  1121 | D:2      | Found a faded altar of an unknown god.
  1136 | D:2      | Reached XP level 4. HP: 30/30 MP: 4/4
  1178 | D:2      | Found Qiesaula's Armour Boutique.
  1346 | D:3      | Noticed Robin
  1351 | D:3      | Killed Robin
  1447 | D:3      | Reached skill level 1 in Translocations
  1451 | D:3      | Found a hazy altar of Hepliaklqana.
  1710 | D:3      | Found a glowing silver altar of Zin.
  1791 | D:3      | Noticed Natasha
  1798 | D:3      | Killed Natasha
  1799 | D:3      | Reached XP level 5. HP: 21/36 MP: 5/5
  1890 | D:3      | Noticed Natasha
  1898 | D:3      | Killed Natasha
  2105 | D:3      | Noticed Natasha
  2108 | D:3      | Killed Natasha
  2135 | D:4      | Reached skill level 4 in Unarmed Combat
  2164 | D:4      | Found a snail-covered altar of Cheibriados.
  2271 | D:4      | Found a staircase to the Ecumenical Temple.
  2279 | Temple   | Entered the Ecumenical Temple
  2321 | Temple   | Became a worshipper of Uskayaw the Reveller
  2355 | D:4      | Reached * piety under Uskayaw
  2356 | D:4      | Reached ** piety under Uskayaw
  2357 | D:4      | Reached XP level 6. HP: 39/42 MP: 6/6
  2482 | D:4      | Noticed Grinder
  2502 | D:4      | Reached *** piety under Uskayaw
  2504 | D:4      | Killed Grinder
  2505 | D:4      | Reached skill level 1 in Invocations
  2505 | D:4      | Reached XP level 7. HP: 38/47 MP: 6/8
  2570 | D:4      | Found a basalt altar of Yredelemnul.
  2573 | D:4      | Found a shimmering blue altar of Sif Muna.
  2581 | D:4      | Found a shadowy altar of Dithmenos.
  2785 | D:5      | Entered Level 5 of the Dungeon
  2795 | D:5      | Reached skill level 5 in Unarmed Combat
  3147 | D:5      | Reached XP level 8. HP: 41/54 MP: 9/9
  3153 | D:5      | Reached **** piety under Uskayaw
  3159 | D:5      | Found a sand-covered staircase.
  3163 | Ossuary  | Entered an ossuary
  3341 | D:5      | Reached skill level 6 in Unarmed Combat
  3346 | D:5      | Noticed a wyvern
  3361 | D:5      | Killed a wyvern
  3364 | D:5      | Reached ***** piety under Uskayaw
  3395 | D:5      | HP: 2/54 [poisoned by a scorpion]
  3452 | D:5      | Found a glowing drain.
  3465 | Sewer    | Entered a sewer
  3614 | Sewer    | Noticed Pargi
  3624 | Sewer    | Killed Pargi
  4490 | D:6      | Reached skill level 5 in Fighting
  4503 | D:6      | Reached skill level 7 in Unarmed Combat
  4503 | D:6      | Reached skill level 5 in Shapeshifting
  4503 | D:6      | Reached XP level 9. HP: 27/61 MP: 10/12
  4666 | D:6      | Found a runed translucent door.
  5611 | D:7      | Slain by a wyvern

Illustrated notes

Levels and vault maps discovered:
D:1:      lemuel_arrival_muddy, layout_basic, interstate_on_off,
          minmay_hexomino_p4
D:2:      layout_loops_ring, serial_shops, nicolae_shop_getting_attention,
          hellmonk_ecumenical_altar_dog_temple, minmay_shallow_snake_nest
D:3:      layout_basic, lemuel_doored_altar, mainiacjoe_overflow_chevrons,
          uniq_robin, uniq_natasha
D:4:      layout_gridville, nicolae_overflow_hidden_temple,
          minmay_temple_entry_wispy, serial_rivers,
          chequers_serial_rivers_marsh, chequers_serial_rivers_micro_b,
          chequers_serial_rivers_room_a, chequers_serial_rivers_room_b,
          uniq_grinder
D:5:      minmay_skewed_foursquare, layout_loops_ring, enter_ossuary_5,
          portal_sewer_entry_d, chequers_serial_rivers_room_b,
          minmay_manual_maat
D:6:      layout_basic, lightli_church_of_beogh
D:7:      layout_basic, enter_bailey_7
Temple:   nicolae_temple_bog_church

Skill      XL: |  1  2  3  4  5  6  7  8 |
---------------+-------------------------+-----
Unarmed Combat | 3 4 5 7 |  7.7
Translocations | 1 2 3 4 |  4.1
Fighting       | 3 4 5 |  5.4
Invocations    | 1 2 4 |  4.6
Shapeshifting  | 4 5 |  5.6
Dodging        | |  2.0

Action                     |  1- 3 |  4- 6 |  7- 9 || total
---------------------------+-------+-------+-------++-------
  Melee: Unarmed           |    70 |    79 |   257 ||   406
         Constrict         |    20 |    24 |    67 ||   111
         Tentacles         |    11 |    14 |    67 ||    92
         Punch             |     2 |     3 |    12 ||    17
  Throw: Dart              |       |       |     2 ||     2
  Evoke: Wand              |       |       |     1 ||     1
    Use: Scroll            |     1 |     3 |     5 ||     9
         Potion            |       |       |     2 ||     2
   Stab: Sleeping          |     7 |     3 |     9 ||    19
         Paralysed         |       |     1 |     6 ||     7
         Distracted        |       |       |     1 ||     1
 Armour: Skin              |     7 |    14 |    52 ||    73
  Dodge: Dodged            |    42 |    34 |   137 ||   213

Table legend: (Time is in decaauts)
 A = Elapsed time spent in this place.
 B = Non-inter-level travel time spent in this place.
 C = Inter-level travel time spent in this place.
 D = Time resting spent in this place.
 E = Time spent auto-exploring this place.
 F = Levels seen in this place.
 G = Mean time per level.
                   A        B        C        D        E       F      G
               +--------+--------+--------+--------+--------+-----+--------+
         Total |   5578 |   5324 |    254 |    371 |   3364 |  10 |  557.8 |
       Dungeon |   5078 |   4846 |    232 |    273 |   3177 |   7 |  725.4 |
        Temple |     65 |     43 |     22 |      0 |     30 |   1 |   65.0 |
         Sewer |    298 |    298 |      0 |     98 |    157 |   1 |  298.0 |
       Ossuary |    137 |    137 |      0 |      0 |      0 |   1 |  137.0 |
               +--------+--------+--------+--------+--------+-----+--------+

Top non-repeatable levels by time:
     D:5: 1121 daAuts
     D:6: 1120 daAuts
     D:3: 816 daAuts
     D:1: 719 daAuts
     D:4: 601 daAuts
     D:2: 582 daAuts
   Sewer: 298 daAuts
 Ossuary: 137 daAuts
     D:7: 116 daAuts
  Temple: 65 daAuts
